 Dungeon Crawl Stone Soup version 0.31-a0-620-gd1cbd99268 (webtiles) character file.

Game seed: 13233447396260682975

298 kae the Changeling (level 6, 0/40 HPs)
             Began as a Draconian Shapeshifter on Aug 23, 2023.
             Slain by Menkaure (7 damage)
             ... on level 4 of the Dungeon.
             The game lasted 00:02:40 (2651 turns).

kae the Changeling (Draconian Shapeshifter)         Turns: 2651, Time: 00:02:40

Health: 0/40       AC:  6    Str: 17    XL:     6   Next: 13%
Magic:  6/6        EV: 12    Int:  9    God:
Gold:   205        SH:  0    Dex: 13    Spells: 5/5 levels left

rFire   . .          .
                       - Unarmed
rCold   . . .        (shield currently unavailable)
rNeg    . . .        (body armour unavailable)
rPois   .            (helmet restricted)
rElec   .            (no cloak)
rCorr   .            (no gloves)
SInv    .            (no boots)
Will    .....        (no amulet)
Stlth   +            (no ring)
HPRegen 0.26/turn    (no ring)
MPRegen 0.10/turn

%: no passive effects
@: flux-form, glowing
A: glow, contaminating, reduced hp, AC +6, unfitting armour, cold-blooded
a: Begin Untransformation


You were on level 4 of the Dungeon.
You were something dangerously unstable.
You visited 1 branch of the dungeon, and saw 4 of its levels.

You collected 205 gold pieces.


Innate Abilities, Weirdness & Mutations

You are something dangerously unstable.
You glow with magical radiation, making you easy to see and hit.
Foes you strike become dangerously contaminated with magical radiation.
Your maximum health is decreased, since you lack skill for your form.
You are incapable of wielding weapons or throwing items.
Your plain brown scales are hard. (AC +6)
You cannot fit into any form of body armour.
You are cold-blooded and may be slowed by cold attacks.


   Skills:
 - Level 2.0 Fighting
 - Level 1.7 Dodging
 + Level 4.6 Unarmed Combat
 * Level 5.3 Shapeshifting


You had 5 spell levels left.
You didn't know any spells.
Your spell library contained the following spells:

 Spells                   Type           Power      Damage    Failure   Level
 Poisonous Vapours        Pois/Air       0%         N/A       52%         2
 Frozen Ramparts          Ice            0%         1d1       77%         3
 Mephitic Cloud           Conj/Pois/Air  0%         N/A       77%         3
 Petrify                  Tmut/Erth      0%         N/A       99%         4
 Freezing Cloud           Conj/Ice/Air   0%         6-21      100%        5
 Metabolic Englaciation   Hex/Ice        0%         N/A       100%        5

Inventory:

Missiles
 d - 69 stones
 f - 6 javelins
 i - 2 poisoned darts
Talismans
 b - a beast talisman
 c - a flux talisman (active)
Scrolls
 e - 2 scrolls of identify {@r1}
 h - a scroll of immolation {!r!r}
Potions
 g - a potion of haste {@q3}
 k - a potion of curing {@q1}
 l - a potion of enlightenment
 m - a potion of brilliance {unknown}

Dungeon Overview and Level Annotations

Branches:
Dungeon (4/15) Zot: 21356
 Temple: D:4-7

Altars:

Shops:
D:3 *

Annotations:
D:3 1 runed translucent door, exclusion: kobold, Crazy Yiuf, Ijyb
D:4 Dowan, Duvessa, Menkaure

.. #..#
######...##.
#!..........
#..... .....
#...♣♣....
##....♣..
#....♣M♣
#.#).B♣
#.#........#
#.#........#
#.###........
#.# #.####.##
#.# #.# ..
#.# #.# # #.#
#.# ##.#


You could see Menkaure (fast).


Message History

You kill the orc!
No target in view!
No target in view!
No target in view!
Found a stone staircase leading down. 😎 HP[+6]
Your hp is fully restored (48).
Unknown command.
Found a stone staircase leading down.
You now have 205 gold pieces (gained 5).
There is a stone staircase leading down here.
There is a stone staircase leading down here.
Duvessa and Dowan come into view.
Duvessa is wielding a +2 short sword of flaming.
Unknown command.
Placed new exclusion.
Press: ? - help, v - describe, . - travel
Here: Dowan, wielding a +0 dagger and wearing a +0 robe (asleep)
The floor.
Placed new exclusion.
You begin transforming.
You continue transforming. x3
Your transformation has ended.
You turn into something dangerously unstable. 😎 HP[-8]
You now have 40 max hp (-8).
Unknown command.
Key pressed, stopping explore.
There is a stone staircase leading down here.
A dart slug comes into view.
A dart slug is nearby!
A dart slug is nearby!
The dart slug launches a dart at you. The slug dart misses you.
A goblin comes into view. It is wielding a +0 dagger.
The goblin shouts!
You hear a shout! x2
You hit the dart slug.
The dart slug begins to glow.
A hobgoblin comes into view.
The goblin hits you with a +0 dagger.
You hit the dart slug.
The dart slug glows dangerously bright.
The goblin completely misses you.
The dart slug bites you but does no damage. 😕 HP[-2]
You take 2 damage, and now have 38/40 hp.
There are monsters nearby!
You hit the dart slug.
The dart slug shudders as magic cascades through it!!
You kill the dart slug!
The goblin hits you but does no damage.
You barely miss the goblin.
The goblin hits you with a +0 dagger. 😕 HP[-1]
You take 1 damage, and now have 37/40 hp.
You hit the hobgoblin.
The hobgoblin begins to glow.
The goblin barely misses you. The hobgoblin barely misses you.
You hit the hobgoblin.
You kill the hobgoblin!
The goblin closely misses you. 😕 HP[+1]
You barely miss the goblin. The goblin misses you.
You hit the goblin.
The goblin begins to glow.
Your tail-slap misses the goblin.
The goblin hits you but does no damage.
Menkaure, Prince of Dust comes into view.
There are monsters nearby!
You hit the goblin.
You kill the goblin!
Menkaure gestures wildly while chanting.
Menkaure seems to speed up.
Menkaure points at you and mumbles some strange words.
Pain shoots through your body!
Things that are here:
a +0 dagger; a goblin corpse Menkaure is nearby!
No target in view!
A kobold comes into view.
It is wielding a +0 short sword. 😕 HP[-3]
You take 3 damage, and now have 35/40 hp.
There are monsters nearby!
Unknown command.
There are monsters nearby!
The kobold shouts!
Menkaure barely misses you. Menkaure hits you. 😕 HP[-2]
You take 2 damage, and now have 33/40 hp.
You hit Menkaure.
Menkaure begins to glow.
You tail-slap Menkaure.
Menkaure points at you and mumbles some strange words.
Pain shoots through your body!
You are too injured to fight recklessly! 😮 HP[-12]
You take 12 damage, and now have 21/40 hp.
MASSIVE DAMAGE!! (PAUSE)
You hit Menkaure.
Menkaure glows dangerously bright.
Menkaure mumbles in an indecipherable tongue.
Menkaure hits you!
* * * LOW HITPOINT WARNING * * *
😱 HP[-14]
You take 14 damage, and now have 7/40 hp.
MASSIVE DAMAGE!! (PAUSE)
You hit Menkaure but do no damage.
Menkaure shudders as magic cascades through him.
You tail-slap Menkaure. Menkaure hits you!
You die...

Skill      XL: |  1  2  3  4  5 |
---------------+----------------+-----
Fighting       | 2 |  2.0
Shapeshifting  | 4 5 |  5.3
Unarmed Combat | 4 |  4.6
Dodging        | |  1.7

Action                     |  1- 3 |  4- 6 || total
---------------------------+-------+-------++-------
  Melee: Unarmed           |   113 |    75 ||   188
         Tailslap          |    12 |    10 ||    22
         Punch             |     2 |     3 ||     5
    Use: Scroll            |     5 |     1 ||     6
         Potion            |       |     1 ||     1
   Stab: Sleeping          |       |     1 ||     1
 Armour: Skin              |    33 |    24 ||    57
  Dodge: Dodged            |    69 |    21 ||    90
   Form: Flux              |       |     1 ||     1

Levels and vault maps discovered:
D:1:      minmay_arrival_shattered_statue, layout_loops_ring
D:2:      layout_basic, uniq_robin
D:3:      layout_basic, ebering_ghost_sewer_d, serial_shops,
          nicolae_shop_crystal, uniq_crazy_yiuf_cottage, uniq_ijyb
D:4:      minmay_bubble_buster, layout_loops_ring, reono_crystal_passage,
          chequers_garden, uniq_menkaure, uniq_duvessa

Notes
Turn   | Place    | Note
-------+----------+-------------------------------------------
     0 | D:1      | kae the Draconian Shapeshifter began the quest for the Orb.
     0 | D:1      | Reached XP level 1. HP: 16/16 MP: 1/1
     0 | D:1      | magus.rc [v1.11.3]
   201 | D:1      | Reached XP level 2. HP: 23/23 MP: 2/2
   722 | D:2      | Reached XP level 3. HP: 29/29 MP: 3/3
   733 | D:2      | You pick up a book of Vapours and begin reading...
   733 | D:2      | You add the spells Poisonous Vapours, Mephitic Cloud and
                  | Freezing Cloud to your library.
   780 | D:2      | Noticed Robin
   799 | D:2      | Killed Robin
   800 | D:2      | Reached skill level 2 in Fighting
   927 | D:2      | You pick up a book of Sloth and begin reading...
   927 | D:2      | You add the spells Frozen Ramparts, Petrify and Metabolic
                  | Englaciation to your library.
  1139 | D:2      | Reached skill level 4 in Shapeshifting
  1139 | D:2      | Reached XP level 4. HP: 26/36 MP: 4/4
  1638 | D:3      | Found Pitatz's General Store.
  1942 | D:3      | Noticed Ijyb
  2005 | D:3      | Found a runed translucent door.
  2006 | D:3      | Noticed Crazy Yiuf
  2076 | D:3      | Found a runed translucent door.
  2077 | D:3      | Noticed a bullfrog
  2078 | D:3      | Noticed Multipenetrator's ghost (amateur MiFi)
  2259 | D:3      | Killed a bullfrog
  2260 | D:3      | Reached skill level 4 in Unarmed Combat
  2260 | D:3      | Reached XP level 5. HP: 41/41 MP: 5/5
  2271 | D:3      | Killed Multipenetrator's ghost
  2272 | D:3      | Reached skill level 5 in Shapeshifting
  2272 | D:3      | Reached XP level 6. HP: 39/48 MP: 6/6
  2580 | D:4      | Noticed Duvessa
  2580 | D:4      | Noticed Dowan
  2643 | D:4      | Noticed Menkaure
  2650 | D:4      | HP: 7/40 [Menkaure (14)]
  2651 | D:4      | Slain by Menkaure

Vanquished Creatures
  The ghost of Multipenetrator the Covered, an amateur MiFi (D:3)
  A bullfrog (D:3)
  Robin (D:2)
  5 adders (D:3)
  2 worms
  A dart slug (D:4)
  5 orcs (D:4)
  7 bats
  6 endoplasms
  5 giant cockroaches
  14 goblins
  8 hobgoblins
  5 quokkas
  5 ball pythons
  A frilled lizard (D:1)
  2 kobolds
  4 rats (D:2)
73 creatures vanquished.

Table legend:
 A = Non-vault XP
 B = Vault XP
 C = Vault XP percentage of total XP
 D = Non-vault monster count
 E = Vault monster count
 F = Vault count percentage of total count
                 A         B        C        D         E       F
            +---------+---------+-------+---------+---------+-------
      Total |     150 |     277 |  64.9 |      58 |      15 |  20.5
            +---------+---------+-------+---------+---------+-------
        D:1 |      34 |       0 |   0.0 |      19 |       0 |   0.0
        D:2 |      29 |      34 |  54.0 |      16 |      11 |  40.7
        D:3 |      64 |     243 |  79.2 |      15 |       4 |  21.1
        D:4 |      23 |       0 |   0.0 |       8 |       0 |   0.0
            +---------+---------+-------+---------+---------+-------

Skill      XL: |  1  2  3  4  5 |
---------------+----------------+-----
Fighting       | 2 |  2.0
Shapeshifting  | 4 5 |  5.3
Unarmed Combat | 4 |  4.6
Dodging        | |  1.7

Action                     |  1- 3 |  4- 6 || total
---------------------------+-------+-------++-------
  Melee: Unarmed           |   113 |    75 ||   188
         Tailslap          |    12 |    10 ||    22
         Punch             |     2 |     3 ||     5
    Use: Scroll            |     5 |     1 ||     6
         Potion            |       |     1 ||     1
   Stab: Sleeping          |       |     1 ||     1
 Armour: Skin              |    33 |    24 ||    57
  Dodge: Dodged            |    69 |    21 ||    90
   Form: Flux              |       |     1 ||     1

Illustrated notes

Table legend:
 A = Kills in this place as a percentage of kills in the entire game.
 B = Kills by you in this place as a percentage of kills by you in the entire game.
 C = Kills by friends in this place as a percentage of kills by friends in the entire game.
 D = Other kills in this place as a percentage of other kills in the entire game.
 E = Experience gained in this place as a percentage of experience gained in the entire game.
 F = Experience gained in this place divided by the number of levels of this place that you have seen.
                   A       B       C       D       E      F
               +-------+-------+-------+-------+-------+----------------------
         Total | 100.0 | 100.0 |   N/A |   N/A | 100.0 | 106.8
       Dungeon | 100.0 | 100.0 |   N/A |   N/A | 100.0 | 106.8
               +-------+-------+-------+-------+-------+----------------------

Table legend: (Time is in decaauts)
 A = Elapsed time spent in this place.
 B = Non-inter-level travel time spent in this place.
 C = Inter-level travel time spent in this place.
 D = Time resting spent in this place.
 E = Time spent auto-exploring this place.
 F = Levels seen in this place.
 G = Mean time per level.
                   A        B        C        D        E       F      G
               +--------+--------+--------+--------+--------+-----+--------+
         Total |   2642 |   2554 |     88 |    135 |   2031 |   4 |  660.5 |
       Dungeon |   2642 |   2554 |     88 |    135 |   2031 |   4 |  660.5 |
               +--------+--------+--------+--------+--------+-----+--------+

Top non-repeatable levels by time:
     D:3: 1148 daAuts
     D:2: 691 daAuts
     D:1: 635 daAuts
     D:4: 167 daAuts
